 Dungeon Crawl Stone Soup version 0.17-a0-1295-gefc790a (webtiles) character file.

31 Max123 the Magician (level 3, 0/21 HPs)
             Began as a High Elf Wizard on June 7, 2015.
             Slain by a goblin
             ... wielding a +1 dagger of protection
             ... led by Robin
              (3 damage)
             ... on level 2 of the Dungeon.
             The game lasted 00:13:14 (1857 turns).

Max123 the Magician (High Elf Wizard)               Turns: 1857, Time: 00:13:14

Health: 0/21       AC:  2    Str:  6    XL:     3   Next: 7%
Magic:  9/9        EV: 12    Int: 22    God:
Gold:   70         SH:  0    Dex: 14    Spells: 2 memorised, 7 levels left

rFire  . . .     SeeInvis .     n - +0 dagger
rCold  . . .     Clarity  .     a - +0 robe
rNeg   . . .     SustAt   .     (no shield)
rPois  .         Gourm    .     b - +0 hat
rElec  .         Spirit   .     (no cloak)
rCorr  .         Warding  .     (no gloves)
rMut   .         Stasis   .     (no boots)
MR     .....                    (no amulet)
Stlth  ++........               (no ring)
                                (no ring)

@: slowed, very slow, not resistant to hostile enchantments, unstealthy
A: no striking features
a: no special abilities


You were on level 2 of the Dungeon.
You were not hungry.

You visited 1 branch of the dungeon, and saw 2 of its levels.

You collected 70 gold pieces.

Inventory:

Hand weapons
 m - a +0 short sword
 n - a +0 dagger (weapon)
Missiles
 e - 63 stones (quivered)
Armour
 a - a +0 robe (worn)
 b - a +0 hat (worn)
Scrolls
 f - a scroll of remove curse {unknown}
 g - 2 scrolls of identify {unknown}
 h - a scroll of amnesia {unknown}
 i - a scroll of random uselessness {unknown}
 l - a scroll of enchant weapon {unknown}
Books
 c - a book of Minor Magic

   Spells                             Type                      Level
   a - Magic Dart                     Conjuration                  1
   b - Blink                          Translocation                2
   c - Call Imp                       Summoning                    2
   d - Repel Missiles                 Charms/Air                   2
   e - Slow                           Hexes                        2
   f - Conjure Flame                  Conjuration/Fire             3
   g - Mephitic Cloud                 Conjuration/Poison/Air       3
Comestibles
 d - a bread ration
 j - a royal jelly
 k - a beef jerky
 o - 2 chunks of flesh


   Skills:
 + Level 2.3 Dodging
 + Level 2.4 Stealth
 + Level 4.4 Spellcasting
 + Level 1.7 Conjurations
 + Level 0.8 Summonings
   Level 1.1 Translocations


You had 7 spell levels left.
You knew the following spells:

 Your Spells              Type           Power        Failure   Level  Hunger
a - Magic Dart            Conj           ##..         8%          1    None
b - Call Imp              Summ           #.......     14%         2    #......


Dungeon Overview and Level Annotations

Branches:
Dungeon (2/15)

Altars:
Ashenzari

Annotations:
D:2 Robin


Message History

You see here a stone.
The goblin closely misses you. The goblin hits you but does no damage.
The goblin hits you with a dagger.
The goblin hits you with a dagger of protection.
* * * LOW HITPOINT WARNING * * *
Robin throws the goblin at you!
The goblin shoots a stone.
The stone barely misses you.
The goblin unwields an uncursed dagger.
The goblin wields a hunting sling.
The goblin shoots a stone.
The stone barely misses you.
You see here 2 stones.
The goblin hits you with a dagger of protection.
* * * LOW HITPOINT WARNING * * *
Robin zaps a wand.
You feel as though you will be slow longer.
The goblin misses you.
Robin roars a battlecry!
A goblin comes into view. It is wielding a dagger.
The goblin shoots a stone.
The stone closely misses you.
The goblin hits you with a dagger of protection.
You die...

## ##### #.# ....# #.#
###.#############.# ##
#...........<..## ##.#
###############.###.#
##g.#..## #.g.....######
.####@g(.........#####
.........(....####....(.
......(..........#######
#.?######...####<# #.
##g## .# #g# #.#
#.#####.#.### #
#.g.g.gg[...##.
##.####.#.#.#.


You could see Robin and 4 goblins.

Vanquished Creatures
  A giant gecko (D:1)
  2 giant cockroaches (D:1)
  6 goblins
  6 hobgoblins
  3 kobolds (D:1)
  6 bats (D:1)
  3 rats
27 creatures vanquished.

Notes
Turn   | Place    | Note
--------------------------------------------------------------
     0 | D:1      | Max123 the High Elf Wizard began the quest for the Orb.
     0 | D:1      | Reached XP level 1. HP: 11/11 MP: 6/6
   656 | D:1      | Reached skill level 4 in Spellcasting
   717 | D:1      | Reached XP level 2. HP: 15/17 MP: 4/8
   759 | D:1      | Learned a level 2 spell: Call Imp
   988 | D:1      | Found a shattered altar of Ashenzari.
  1750 | D:1      | Reached XP level 3. HP: 18/21 MP: 6/9
  1839 | D:2      | Noticed Robin
  1857 | D:2      | Slain by a goblin

Vault maps used:
D:1:      evilmike_arrival_hilbert_curve, evilmike_ruin_ashenzari
D:2:      uniq_jessica, uniq_robin, uniq_terence, uniq_crazy_yiuf_cottage

Action                   || total
-------------------------++-------
Melee: Unarmed           ||     1
 Cast: Magic Dart        ||    72
  Eat: Chunk             ||     3
